 Dungeon Crawl Stone Soup version 0.19-a0-787-gcef06a7 (webtiles) character file.

501 Laan the Poker (level 6, -12/47 HPs)
             Began as a Demonspawn Fighter on June 26, 2016.
             Mangled by an ogre
             ... wielding a +0 giant club
              (22 damage)
             ... on level 4 of the Dungeon.
             The game lasted 00:06:32 (3612 turns).

Laan the Poker (Demonspawn Fighter)                 Turns: 3612, Time: 00:06:32

Health: -12/47     AC: 15    Str: 23    XL:     6   Next: 95%
Magic:  6/6        EV:  8    Int: 10    God:
Gold:   250        SH:  9    Dex: 15    Spells: 0 memorised, 5 levels left

rFire  . . .     SeeInvis .     a - +0 trident
rCold  . . .     Gourm    .     s - +0 chain mail
rNeg   . . .     Faith    .     c - +0 shield
rPois  .         Spirit   .     m - +2 helmet
rElec  .         Dismiss  .     u - +0 cloak
rCorr  .         Reflect  .     y - +0 pair of gloves
SustAt .         Harm     .     A - +0 pair of boots
MR     .....                    (no amulet)
Stlth  ..........               v - +3 ring of evasion
                                i - +3 ring of dexterity

@: mighty, not resistant to hostile enchantments, extremely unstealthy
A: claws 2, talons 1, spiny 1
a: no special abilities


You were on level 4 of the Dungeon.
You were not hungry.

You visited 1 branch of the dungeon, and saw 4 of its levels.

You collected 250 gold pieces.

Inventory:

Hand Weapons
 a - a +0 trident (weapon)
Armour
 c - a +0 shield (worn)
 m - a +2 helmet (worn)
 s - a +0 chain mail (worn)
 u - a +0 cloak (worn)
 y - a +0 pair of gloves (worn)
 A - a +0 pair of boots (worn)
Jewellery
 b - a +4 ring of evasion
 i - a +3 ring of dexterity (left hand)
 r - an uncursed ring of resist corrosion
 v - a +3 ring of evasion (right hand)
Wands
 t - a wand of paralysis (8/24)
Scrolls
 e - 4 scrolls of identify {unknown}
 h - a scroll of amnesia {unknown}
 k - 2 scrolls of immolation {unknown}
 l - 2 scrolls of remove curse {unknown}
 n - 2 scrolls of magic mapping {unknown}
 o - 2 scrolls of noise {unknown}
Potions
 d - a potion of might
 p - 3 potions of curing {unknown}
 w - a potion of heal wounds {unknown}
 x - a potion of cure mutation {unknown}
Comestibles
 f - 2 bread rations
 g - 4 meat rations
 j - a beef jerky
 q - 2 fruits
 z - 2 chunks of flesh


   Skills:
 - Level 3.0 Fighting
 + Level 6.9 Polearms
 - Level 2.6 Armour
 - Level 2.6 Shields


You had 5 spell levels left.
You didn't know any spells.

Dungeon Overview and Level Annotations

Branches:
Dungeon (4/15)
 Temple: D:4-7

Altars:
Xom


Innate Abilities, Weirdness & Mutations

You have very sharp fingernails.
You have sharp toenails.
You are partially covered in sharp spines.


Message History

The ogre is lightly wounded.
The ogre hits you but does no damage.
Your shield and chain mail prevent you from hitting the ogre.
The ogre is lightly wounded.
You block the ogre's attack.
You hit the ogre.
The ogre is lightly wounded.
You block the ogre's attack.
You puncture the ogre!
The ogre is moderately wounded.
You block the ogre's attack.
Your shield prevents you from hitting the ogre.
The ogre is moderately wounded.
You hit the ogre but do no damage.
The ogre is moderately wounded.
The ogre is struck by your spines. The ogre hits you with a giant club!
* * * LOW HITPOINT WARNING * * *
You feel very mighty all of a sudden. The ogre is struck by your spines.
The ogre hits you with a giant club!!
You die...

# ########.#
.......
#...#
#######._.##
...........#
########...#
.)..####.@.#
#........#O#
#........#.#
#........#.#
#........#.#
..
#......b.#.#
###.
#........#.#
#...
.........#.#
....
.........#


You could see an ogre.

Vanquished Creatures
  A giant frog (D:4)
  A scorpion (D:4)
  A quasit (D:4)
  2 orc wizards (D:4)
  2 orc priests
  3 worker ants
  5 gnolls
  5 adders
  An ooze (D:1)
  A worm (D:3)
  2 giant geckos
  6 orcs
  2 ball pythons
  3 bats
  4 giant cockroaches
  11 goblins
  5 hobgoblins
  4 jackals (D:1)
  3 quokkas
  6 giant newts
  6 kobolds
  4 rats
78 creatures vanquished.

Notes
Turn   | Place    | Note
--------------------------------------------------------------
     0 | D:1      | Laan the Demonspawn Fighter began the quest for the Orb.
     0 | D:1      | Reached XP level 1. HP: 18/18 MP: 1/1
    79 | D:1      | Reached skill level 2 in Polearms
   197 | D:1      | Gained mutation: You have sharp toenails. [demonic ancestry]
   197 | D:1      | Reached XP level 2. HP: 21/24 MP: 2/2
   226 | D:1      | Reached skill level 3 in Polearms
   245 | D:1      | Gained mutation: You have sharp fingernails. [demonic ancestry]
   245 | D:1      | Reached XP level 3. HP: 18/29 MP: 3/3
  1078 | D:1      | Reached XP level 4. HP: 26/35 MP: 4/4
  1098 | D:2      | Reached skill level 4 in Polearms
  2232 | D:3      | Reached skill level 5 in Polearms
  2232 | D:3      | Gained mutation: You are partially covered in sharp spines. [demonic ancestry]
  2232 | D:3      | Reached XP level 5. HP: 32/41 MP: 5/5
  2861 | D:4      | Gained mutation: You have very sharp fingernails. [demonic ancestry]
  2861 | D:4      | Reached XP level 6. HP: 37/47 MP: 6/6
  2885 | D:4      | Reached skill level 6 in Polearms
  3585 | D:4      | Found a shimmering altar of Xom.
  3612 | D:4      | Mangled by an ogre

Vault maps used:
D:1:      dpeg_arrival_line_fractal, minmay_tromino_v2
D:2:      kennysheep_big_flooded_room
D:4:      minitemple, xom_butterflies, first_bread

Skill      XL: |  1  2  3  4  5  6 |
---------------+-------------------+-----
Polearms       | 2 3 5 6 |  6.9
Fighting       | |  3.0
Armour         | |  2.6
Shields        | |  2.6

Action                   |  1- 3 |  4- 6 || total
-------------------------+-------+-------++-------
Melee: Trident           |   108 |   227 ||   335
       Kick              |    12 |    51 ||    63
  Use: Potion            |       |     1 ||     1
  Eat: Chunk             |       |     9 ||     9
Armor: Scale mail        |    31 |    51 ||    82
       Chain mail        |       |    46 ||    46
Dodge: Dodged            |    28 |    42 ||    70
Block: Shield            |    48 |    94 ||   142
